 Dungeon Crawl Stone Soup version 0.29-a0-121-g8efb068a30 (webtiles) character file.

Game seed: 16246583326686877786

6114 Gargoyl the Cleaver (level 10, -3/56 HPs)
             Began as a Gargoyle Abyssal Knight on Feb 20, 2022.
             Was a Priest of Lugonu.
             Slain by a killer bee (7 damage)
             ... on level 9 of the Dungeon.
             The game lasted 00:11:08 (10276 turns).

Gargoyl the Cleaver (Gargoyle Abyssal Knight)      Turns: 10276, Time: 00:11:08

Health: -3/56      AC: 29    Str: 29    XL:     10   Next: 89%
Magic:  15/15      EV:  8    Int: 11    God:    Lugonu [***...]
Gold:   332        SH:  4    Dex: 10    Spells: 9/9 levels left

rFire   . . .      SeeInvis .   k - +2 long sword (venom)
rCold   x . .      Faith    .   x - +0 buckler
rNeg    + + .      Spirit   .   y - +0 plate armour
rPois   ∞          Reflect  .   c - +1 helmet
rElec   +          Harm     .   h - +0 cloak
rCorr   .          Rampage  .   (no gloves)
Will    +....      Clarity  +   z - +2 pair of boots of the Orb {rC- rN+ Str+2}
Stlth   ..........              (no amulet)
HPRegen 0.18/turn               e - +6 ring of strength
MPRegen 0.14/turn               s - ring of willpower

@: mighty, attractive, hasted, very quick
A: sickness immunity, AC +7, negative energy resistance 1, electricity
resistance, torment resistance 1, petrification resistance, hooves 1, iridescent
scales 1, clarity, frail 1
a: Renounce Religion, Depart the Abyss, Bend Space, Banish


You were on level 9 of the Dungeon.
You worshipped Lugonu.
Lugonu was most pleased with you.
You visited 1 branch of the dungeon, and saw 9 of its levels.
You visited the Abyss 1 time.

You collected 332 gold pieces.

Inventory:

Hand Weapons
 a - a +2 hand axe of electrocution
 k - a +2 long sword of venom (weapon)
Missiles
 B - 10 poisoned darts (quivered)
Armour
 c - a +1 helmet (worn)
 h - a +0 cloak (worn)
 x - a +0 buckler (worn)
 y - a +0 plate armour (worn)
 z - the +2 pair of boots of the Orb (worn) {rC- rN+ Str+2}
   (You found it on level 8 of the Dungeon)

   Str:       It affects your strength (+2).
   rC:        It makes you vulnerable to cold.
   rN:        It protects you from negative energy.
Jewellery
 e - a +6 ring of strength (left hand)
 s - a ring of willpower (right hand)
Wands
 v - a wand of mindburst (5)
Scrolls
 b - a scroll of fear
 f - 2 scrolls of blinking
 g - 2 scrolls of identify
 m - a scroll of fog
 u - 4 scrolls of teleportation
Potions
 d - 4 potions of flight
 j - a potion of might
 l - 3 potions of curing
 o - a potion of attraction
 p - 3 potions of brilliance
 q - a potion of ambrosia
 r - 2 potions of mutation
 t - a potion of lignification {unknown}
 A - a potion of berserk rage {unknown}


   Skills:
 + Level 7.4 Fighting
 + Level 2.2 Long Blades
 + Level 8.8 Axes
 + Level 7.4 Armour
 + Level 3.9 Dodging
 + Level 3.3 Stealth
 + Level 1.9 Shields
 * Level 7.6 Invocations
 + Level 0.7 Evocations


You had 9 spell levels left.
You didn't know any spells.
Your spell library contained the following spells:

 Spells                   Type           Power      Damage    Failure   Level
 Blade Hands              Tmut           0%         N/A       100%        5
 Irradiate                Conj/Tmut      0%         3d13      100%        5
 Dragon Form              Tmut           0%         N/A       100%        7


Dungeon Overview and Level Annotations

Branches:
Dungeon (9/15)             Temple (0/1) D:5             Orc (0/2) D:9
   Lair: D:8-11

Altars:
Dithmenos
Fedhas


Innate Abilities, Weirdness & Mutations

You are immune to sickness and miasma.
Your stone body is resilient. (AC +7)
You are immune to poison.
You resist negative energy. (rN+)
You are resistant to electric shocks. (rElec)
You are resistant to unholy torment.
You are immune to petrification.
You have large cloven feet.
You are partially covered in iridescent scales. (AC +2)
You possess an exceptional clarity of mind.
You are frail. (-10% HP)


Message History

The killer bee stings you but does no damage.
You barely miss the killer bee.
The killer bee is heavily wounded.
You block the killer bee's attack.
You feel very mighty all of a sudden.
The killer bee stings you but does no damage. x2
You feel better.
The killer bee stings you but does no damage.
You slice the killer bee!!
You kill the killer bee!
Lugonu accepts your kill.
The killer bee stings you but does no damage.
You slash the killer bee!
The killer bee is poisoned.
The killer bee is heavily wounded.
The killer bee stings you.
* * * LOW HITPOINT WARNING * * *
You block the killer bee's attack.
You closely miss the killer bee.
The killer bee is almost dead.
You kill the killer bee!
Lugonu accepts your kill.
The killer bee stings you but does no damage.
You closely miss the killer bee.
The killer bee stings you but does no damage. x2
You miss the killer bee. You block the killer bee's attack.
The killer bee closely misses you.
You closely miss the killer bee. The killer bee stings you.
* * * LOW HITPOINT WARNING * * *
The killer bee stings you but does no damage.
You miss the killer bee.
The killer bee stings you but does no damage. x2
You miss the killer bee.
The killer bee stings you but does no damage.
You miss the killer bee. The killer bee barely misses you.
The killer bee stings you.
* * * LOW HITPOINT WARNING * * *
You miss the killer bee. The killer bee stings you.
* * * LOW HITPOINT WARNING * * *
The killer bee stings you!
You die...

### ####>####
####.......####
###.........)...##
##....#.......#....
##....###.....###...
#.....###.8.8.###..8
#...)..#.......#....
#..#@#..#..#+#..#..#+
#.##y##.#.## ##.#.##
# #yy.#.#. .#.
#..[#.# .#. ##†##.#
.#.# #.# #..#+
#.......+ +...(
##.....## ###..8
##...## ##.##..


You could see 3 killer bees.

Vanquished Creatures
  Joseph (D:9)
  A water nymph (D:8)
  A komodo dragon (D:8)
  10 yaks (D:8)
  Grum (D:9)
  3 ice beasts
  A hornet zombie (D:5)
  A necrophage (D:8)
  2 black bears
  A sky beast (D:6)
  6 ogres
  2 wolves (D:9)
  2 centaurs
  2 phantoms
  4 bullfrogs
  2 kobold brigands
  3 scorpions
  A wyvern skeleton (D:7)
  2 water moccasin zombies
  A water moccasin skeleton (D:5)
  9 wights
  6 killer bees (D:9)
  2 bullfrog zombies
  A hound (D:6)
  4 jellies
  A centaur skeleton (D:6)
  An iguana (D:4)
  A hound zombie (D:5)
  12 gnolls
  3 adders
  An adder zombie (D:5)
  2 dart slugs
  5 orcs
  10 ball pythons
  5 endoplasms
  3 goblins
  4 hobgoblins
  6 jackals
  15 kobolds
  4 quokkas
  4 bats
  2 frilled lizards
  3 rats
151 creatures vanquished.

Vanquished Creatures (collateral kills)
  2 wights (D:7)
2 creatures vanquished.

Vanquished Creatures (others)
  A wight (D:7)
  A bush (D:5)
2 creatures vanquished.

Grand Total: 155 creatures vanquished

Notes
Turn   | Place    | Note
-------+----------+-------------------------------------------
     0 | Abyss:1  | Gargoyl the Gargoyle Abyssal Knight began the quest for the
                  | Orb.
     0 | Abyss:1  | Reached XP level 1. HP: 14/14 MP: 2/2
     0 | D:1      | Escaped the Abyss
    69 | D:1      | Reached * piety under Lugonu
   478 | D:1      | Reached XP level 2. HP: 19/20 MP: 3/3
   490 | D:1      | Found a faded altar of an unknown god.
   513 | D:1      | Reached skill level 2 in Axes
   875 | D:2      | Reached XP level 3. HP: 18/24 MP: 4/4
  1165 | D:2      | Found a blossoming altar of Fedhas.
  1501 | D:3      | Found a shadowy altar of Dithmenos.
  1608 | D:3      | Reached XP level 4. HP: 29/29 MP: 5/5
  1616 | D:3      | Reached ** piety under Lugonu
  1660 | D:3      | Reached skill level 3 in Axes
  1759 | D:3      | Reached skill level 1 in Dodging
  1834 | D:3      | Noticed a scorpion
  1840 | D:3      | Killed a scorpion
  1841 | D:3      | Reached XP level 5. HP: 30/34 MP: 6/6
  2082 | D:4      | Gained mutation: You have sharp toenails. [potion of
                  | mutation]
  2082 | D:4      | Gained mutation: You have supernaturally acute eyesight.
                  | (SInv) [potion of mutation]
  2431 | D:4      | Noticed a phantom
  2443 | D:4      | Killed a phantom
  2444 | D:4      | Reached skill level 4 in Axes
  2444 | D:4      | Reached skill level 1 in Stealth
  2444 | D:4      | Reached XP level 6. HP: 34/39 MP: 7/7
  3005 | D:4      | Noticed a guardian serpent
  3005 | D:4      | an ogre changed into a guardian serpent
  3007 | D:4      | Noticed a black bear
  3007 | D:4      | a guardian serpent changed into a black bear
  3016 | D:4      | Killed a black bear
  3407 | D:4      | Lost mutation: You have sharp toenails. [potion of
                  | mutation]
  3407 | D:4      | Lost mutation: You have supernaturally acute eyesight.
                  | (SInv) [potion of mutation]
  3407 | D:4      | Gained mutation: You possess an exceptional clarity of
                  | mind. [potion of mutation]
  3407 | D:4      | Gained mutation: You are frail. (-10% HP) [potion of
                  | mutation]
  3407 | D:4      | Gained mutation: You have large cloven feet. [potion of
                  | mutation]
  3407 | D:4      | Gained mutation: You are partially covered in iridescent
                  | scales. (AC +2) [potion of mutation]
  3412 | D:5      | Entered Level 5 of the Dungeon
  3425 | D:5      | Reached XP level 7. HP: 39/39 MP: 8/8
  3432 | D:5      | Found a staircase to the Ecumenical Temple.
  3833 | D:5      | Reached skill level 5 in Fighting
  3833 | D:5      | Reached skill level 5 in Axes
  4164 | D:5      | Reached XP level 8. HP: 44/44 MP: 10/10
  4633 | D:5      | Reached skill level 1 in Long Blades
  5230 | D:6      | Reached skill level 5 in Armour
  5559 | D:6      | Reached *** piety under Lugonu
  5562 | D:6      | Reached skill level 6 in Axes
  5767 | D:6      | Reached XP level 9. HP: 45/49 MP: 12/12
  6546 | D:7      | Reached skill level 5 in Invocations
  7858 | D:7      | Reached skill level 7 in Axes
  8585 | D:8      | Reached XP level 10. HP: 54/54 MP: 14/14
  8591 | D:8      | Reached skill level 1 in Shields
  8769 | D:8      | Identified the +2 pair of boots of the Orb {rC- rN+ Str+2}
  8809 | D:8      | Reached skill level 8 in Axes
  9264 | D:9      | Noticed Joseph
  9275 | D:9      | Reached **** piety under Lugonu
  9279 | D:9      | Killed Joseph
  9307 | D:9      | Noticed a two-headed ogre
  9637 | D:8      | HP: 2/56 [two-headed ogre (8)]
  9663 | D:8      | Noticed a water nymph
  9663 | D:8      | a two-headed ogre changed into a water nymph
  9669 | D:8      | HP: 1/56 [water nymph/the raging water (6)]
  9688 | D:8      | Killed a water nymph
 10010 | D:9      | Found a staircase to the Orcish Mines.
 10013 | D:9      | Noticed Grum
 10027 | D:9      | Killed Grum
 10276 | D:9      | Slain by a killer bee

Illustrated notes

Levels and vault maps discovered:
D:1:      lemuel_arrival_funnel, layout_basic,
          nicolae_ecumenical_snake_handling, moated_statue
D:2:      layout_rooms, basic_altar
D:3:      layout_basic, grunt_dithmenos_smoke, chequers_garden
D:4:      layout_basic, serial_curves, eino_curves_01, eino_curves_03,
          eino_curves_04
D:5:      layout_loops_ring, minmay_temple_entry_slanted,
          kb_lookout_dungeons_type, solitary_fountain
D:6:      layout_layer_cave
D:7:      layout_layer_cave
D:8:      layout_basic
D:9:      layout_roguey, lair_entry_dummy, david_orc_1_choice,
          roderic_serpentine_path, uniq_grum, uniq_erica, uniq_joseph

Skill      XL: |  1  2  3  4  5  6  7  8  9 10 |
---------------+-------------------------------+-----
Axes           | 2 3 4 5 6 7 8 |  8.8
Fighting       | 4 5 6 7 |  7.4
Dodging        | 1 2 3 |  3.9
Armour         | 3 4 5 6 7 |  7.4
Stealth        | 1 2 3 |  3.3
Invocations    | 3 4 6 7 |  7.6
Long Blades    | 1 2 |  2.2
Shields        | 1 |  1.9
Evocations     | |  0.7

Action                   |  1- 3 |  4- 6 |  7- 9 | 10-12 || total
-------------------------+-------+-------+-------+-------++-------
Melee: Hand axe          |    78 |    91 |   228 |    75 ||   472
       Punch             |     1 |       |       |       ||     1
       Kick              |       |    17 |    76 |     4 ||    97
       Long sword        |       |       |     7 |    84 ||    91
Invok: Depart the Abyss  |     1 |       |       |       ||     1
       Bend Space        |       |     1 |       |       ||     1
       Banish            |       |       |       |     3 ||     3
Evoke: Wand              |       |     6 |     1 |     1 ||     8
  Use: Scroll            |     5 |     5 |     7 |     4 ||    21
       Potion            |       |     2 |       |     6 ||     8
 Stab: Sleeping          |       |     1 |     1 |       ||     2
Armor: Leather armour    |    35 |    25 |       |       ||    60
       Ring mail         |       |    23 |   127 |     1 ||   151
       Plate armour      |       |       |       |   177 ||   177
Dodge: Dodged            |    64 |    46 |   144 |   106 ||   360
Block: Buckler           |       |       |     8 |    42 ||    50

Table legend: (Time is in decaauts)
 A = Elapsed time spent in this place.
 B = Non-inter-level travel time spent in this place.
 C = Inter-level travel time spent in this place.
 D = Time resting spent in this place.
 E = Time spent auto-exploring this place.
 F = Levels seen in this place.
 G = Mean time per level.
                   A        B        C        D        E       F      G
               +--------+--------+--------+--------+--------+-----+--------+
         Total |  10318 |  10006 |    312 |   1084 |   7126 |  10 | 1031.8 |
       Dungeon |  10318 |  10006 |    312 |   1084 |   7126 |   9 | 1146.4 |
         Abyss |      0 |      0 |      0 |      0 |      0 |   1 |    0.0 |
               +--------+--------+--------+--------+--------+-----+--------+

Top non-repeatable levels by time:
     D:7: 1826 daAuts
     D:8: 1688 daAuts
     D:5: 1566 daAuts
     D:6: 1442 daAuts
     D:4: 1273 daAuts
     D:1: 838 daAuts
     D:2: 662 daAuts
     D:3: 661 daAuts
     D:9: 358 daAuts
